Unix NetHack Version 5.0.0-0 post-release - last build Jun 10 2026 00:39:30 (3ee93aec679c4c4259841fe613dc97188e26a321,branch:main).

Game began 2026-06-11 19:08:18, ended 2026-06-11 19:28:19.

KraJa, chaotic male elven Priest

                           --------------
 -----------               |....).......|
 |=========.               |....dh......|
 |=*"="====.+#             |......@.....|          ############
 ----------- #             |............|       ####   -------|--------
             #             ---.--------.-              |..............|
            ##                #        #               |..............|
           ##                 #        ################.......>.......|
          ##    #          ####        ##             #|..............|
          #-----|-         #            #            ##----------------
          #......|         #            #            #
           |.....|       --.--          #          ###
           |.....|       |...|       ####         ##
           |......####  #..{.|     -----.-----   ##
           |.....|   ####|....     |Z......::|  ##
           -------      #....|     |.....Z.x.|  #
                         |..<.#    |..:F:v...|  #
                         |...|#####..ro:.xF.F-###
                         -----     -----------

KraJa the Acolyte            St:16 Dx:12 Co:15 In:8 Wi:14 Ch:13  Chaotic
Dlvl:2  $:0  HP:0(30) Pw:47(49) AC:0  Xp:4/151 T:2712 

Latest messages:
 You continue digging.
 You succeed in cutting away some rock.
 Elf needs food, badly!
 #
 Are you sure you want to pray? [yn] (n)
 You begin praying to Susanowo.
 You are surrounded by a shimmering light.
 You finish your prayer.
 You feel that Susanowo is well-pleased.
 Your stomach feels content.
 What do you want to name? [aeflnpvwA-CGX or ?*]
 You don't have that object.
 What do you want to name? [aeflnpvwA-CGX or ?*]
 Never mind.
 What do you want to name? [aeflnpvwA-CGX or ?*]
 You start digging.
 You hit the rock with all your might.
 You succeed in cutting away some rock.
 You hear someone cursing shoplifters.
 What do you want to wield? [- apvG or ?*]
 a - a blessed +1 mace (weapon in right hand).
 The hobbit shoots a rock!
 You are hit by a rock.
 Pick a monster, object or location.
 You ready: v - an uncursed elven dagger.
 In what direction?
 The elven dagger hits the hobbit.
 The hobbit picks up an uncursed elven dagger.
 You ready: G - 2 uncursed daggers.
 In what direction?
 The dagger misses the hobbit.
 The hobbit wields an uncursed elven dagger!
 In what direction?
 The dagger misses the hobbit.
 The hobbit thrusts his elven dagger.
 The hobbit hits!
 You miss the hobbit.
 The hobbit thrusts his elven dagger.
 The hobbit hits!
 You miss the hobbit.
 The hobbit thrusts his elven dagger.
 The hobbit hits!
 Cicero bites the hobbit.
 The hobbit thrusts his elven dagger at Cicero.
 The hobbit misses Cicero.
 You fail to cast the spell correctly.
 The hobbit thrusts his elven dagger.
 The hobbit hits!
 You die...
 Do you want your possessions identified? [ynq] (y)

Inventory:
 Weapons  (')')
  a - a blessed +1 mace (weapon in right hand)
 Armor    ('[')
  B - an uncursed +0 pair of iron shoes named @ (being worn)
  X - an uncursed +0 small shield named @ (being worn)
  C - an uncursed +0 robe named @ (being worn)
  A - an uncursed +0 elven mithril-coat named S@26 (being worn)
 Comestibles  ('%')
  w - 2 uncursed strawberries
  e - an uncursed clove of garlic
  n - an uncursed cram ration
  f - an uncursed sprig of wolfsbane
 Tools    ('(')
  l - a cursed brass lantern named @
  p - an uncursed +0 pick-axe named @

KraJa the Priest's attributes:

Background:
 You were an Acolyte, a level 4 elven Priest.
 You were chaotic, on a mission for Susanowo
 who was opposed by Amaterasu Omikami (lawful) and Raijin (neutral).
 You were right-handed.
 You were in the Dungeons of Doom, on level 2.
 You entered the dungeon 2712 turns ago.
 You had 151 experience points, 9 more were needed to attain level 5.

Basics:
 You had 0 out of 30 hit points.
 You had 47 out of 49 energy points (spell power).
 Your armor class was 0.
 Your wallet was empty.
 Autopickup was on for all types, with exceptions.

Final Characteristics:
 Your strength was 16 (limit:18).
 Your dexterity was 12 (limit:18).
 Your constitution was 15 (limit:16).
 Your intelligence was 8 (limit:20).
 Your wisdom was 14 (limit:20).
 Your charisma was 13 (limit:18).

Final Status:
 You weren't hungry.
 You were unencumbered.
 You were wielding a mace.
 You had basic skill with mace.

Final Attributes:
 You were piously aligned.
 You were sleep resistant.
 You had infravision.
 You were guarded.
 Your spell casting was impaired by metallic armor, mitigated by your robe.
 You are dead.

Miscellaneous:
 You didn't encounter any bones levels.
 Total elapsed playing time was 20 minutes.

Major events:
 Turn
    1: KraJa the chaotic elven Priest entered the dungeon
  375: entered the Gnomish Mines
 1326: attained the rank of Acolyte (level 3)
 2712: killed by a hobbit

Spells:
 Name                 Level Category     Fail Retention
 healing                1   healing       46%  76%-100%
 cure sickness          3   healing      100%  76%-100%

Skills:
 Fighting Skills
   bare handed combat [Unskilled]
 Weapon Skills
   club               [Unskilled]
   mace               [Basic]
   morning star       [Unskilled]
   flail              [Unskilled]
   hammer             [Unskilled]
   quarterstaff       [Unskilled]
   polearms           [Unskilled]
   spear              [Unskilled]
   trident            [Unskilled]
   lance              [Unskilled]
   bow                [Unskilled]
   sling              [Unskilled]
   crossbow           [Unskilled]
   dart               [Unskilled]
   shuriken           [Unskilled]
   boomerang          [Unskilled]
   unicorn horn       [Unskilled]
 Spellcasting Skills
   healing spells     [Unskilled]
   divination spells  [Unskilled]
   clerical spells    [Basic]

Voluntary challenges:
 Character rerolling was not enabled.
 You never genocided any monsters.
 You never polymorphed an object.
 You never changed form.
 You used no wishes.
Achievements:
 You entered the Gnomish Mines.
 You attained the rank of Acolyte.

 The Dungeons of Doom: levels 1 to 5
    Level 1:
       Some fountains.
    Level 2: <- You were here.
       A fountain.
       Stairs down to The Gnomish Mines.
       Final resting place for
          you, killed by a hobbit.
    Level 3:
       A sink.
    Level 4:
       An altar, a fountain.
    Level 5:
 The Gnomish Mines:
    Level 3:


Vanquished creatures:
  a gnome leader
  a gnomish wizard
  2 little dogs
  3 dwarves
  a homunculus
  a giant bat
 an iguana
  a gas spore
  a hobbit
  a red mold
  7 gnomes
  6 geckos
  7 jackals
  a fox
  a kobold
  a goblin
  2 sewer rats
  4 grid bugs
  7 lichens
  3 kobold zombies
  3 newts
55 creatures vanquished.

No species were genocided or became extinct.

Game over:
                       ----------
                      /          \
                     /    REST    \
                    /      IN      \
                   /     PEACE      \
                  /                  \
                  |      KraJa       |
                  |       0 Au       |
                  |   killed by a    |
                  |      hobbit      |
                  |                  |
                  |                  |
                  |       2026       |
                 *|     *  *  *      | *
        _________)/\\_//(\/(/\)/\//\/|_)_______

Goodbye KraJa the Priest...

You died in The Dungeons of Doom on dungeon level 2 with 804 points,
and 0 pieces of gold, after 2712 moves.
You were level 4 with a maximum of 30 hit points when you died.

